 Dungeon Crawl Stone Soup version 0.29.1-4-g47bece8355 (webtiles) character file.

Game seed: 3109965493041100281

4844 javelincjr the Thaumaturge (level 10, -1/46 HPs)
             Began as a Spriggan Conjurer on Dec 6, 2022.
             Was a Follower of Sif Muna.
             Slain by a gnoll sergeant
             ... wielding a +3 vampiric spear
              (9 damage)
             ... on level 9 of the Dungeon on Dec 7, 2022.
             The game lasted 02:08:08 (12866 turns).

javelincjr the Thaumaturge (Spriggan Conjurer)     Turns: 12866, Time: 02:08:11

Health: -1/46      AC:  2    Str:  7    XL:     10   Next: 25%
Magic:  3/27       EV: 20    Int: 20    God:    Sif Muna [*.....]
Gold:   1664       SH:  0    Dex: 20    Spells: 23/33 levels left

rFire   . . .      SeeInvis +   q - +2 dagger (protect)
rCold   . . .      Faith    .   (no shield)
rNeg    . . .      Spirit   .   a - +0 robe
rPois   .          Reflect  .   (helmet restricted)
rElec   .          Harm     .   (no cloak)
rCorr   .          Rampage  .   (gloves unavailable)
Will    +....                   (boots unavailable)
Stlth   ++++......              (no amulet)
HPRegen 0.15/turn               e - +6 ring of dexterity
MPRegen 0.20/turn               i - ring of wizardry

@: about to teleport, very quick
A: very small, no large weapons, unfitting armour, see invisible, speed 3, dopey
1, strong 1, sturdy frame 1
a: Renounce Religion, Channel Magic


You were on level 9 of the Dungeon.
You worshipped Sif Muna.
Sif Muna was aware of your devotion.
You visited 2 branches of the dungeon, and saw 10 of its levels.
You also visited: Bailey.

You collected 1664 gold pieces.

Inventory:

Hand Weapons
 c - a +3 dagger of holy wrath
 f - a +2 short sword of draining
 o - a +3 dagger of speed
 q - a +2 dagger of protection (weapon)
 r - a +0 sling of freezing
 u - a +2 dagger of venom
 v - a +2 war axe of flaming
Missiles
 n - 12 poisoned darts (quivered)
 w - a curare-tipped dart
 x - 16 boomerangs
Armour
 a - a +0 robe (worn)
 m - +0 acid dragon scales
Magical Staves
 h - a staff of cold
Jewellery
 e - a +6 ring of dexterity (left hand)
 i - a ring of wizardry (right hand)
 j - a ring of poison resistance
 t - a ring of resist corrosion
 y - a ring of protection from cold
 G - a ring of protection from fire
Wands
 g - a wand of iceblast (15)
Scrolls
 p - 2 scrolls of identify
Potions
 b - a potion of magic
 d - a potion of curing
 l - 5 potions of might
 s - a potion of flight {unknown}


   Skills:
 + Level 1.9 Fighting
 + Level 4.0 Short Blades
 - Level 3.0 Throwing
 + Level 5.3 Dodging
 + Level 6.0 Stealth
 * Level 12.3 Spellcasting
 + Level 6.1 Conjurations
 + Level 2.1 Hexes
 - Level 2.7 Ice Magic
 * Level 1.7 Evocations


You had 23 spell levels left.
You knew the following spells:

 Your Spells              Type           Power      Damage    Failure   Level
a - Magic Dart            Conj           100%       1d8       1%          1
b - Searing Ray           Conj           72%        2d7       1%          2
c - Fulminant Prism       Conj/Hex       14%        3d9       4%          4
d - Dazzling Flash        Conj/Hex       56%        N/A       1%          3

Your spell library contained the following spells:

 Spells                   Type           Power      Damage    Failure   Level
 Sublimation of Blood     Necr           12%        N/A       3%          2
 Wereblood                Tmut           12%        N/A       3%          2
 Iskenderun's Mystic Bla  Conj/Tloc      24%        2d7       6%          4
 Summon Hydra             Summ           6%         N/A       100%        7


Dungeon Overview and Level Annotations

Branches:
Dungeon (9/15)             Temple (1/1) D:7            Lair (0/5) D:9
 Bailey (visited)
    Orc: D:9-12

Altars:
Ashenzari
Cheibriados
Dithmenos
Gozag
Hepliaklqana
Kikubaaqudgha
Makhleb
Nemelex Xobeh
Okawaru
Ru
Sif Muna
Trog
Uskayaw
Vehumet
Wu Jian
Xom
Yredelemnul
Zin
The Shining One

Shops:
D:3 (

Annotations:
D:4 Menkaure
D:9 1 transporter, Maggie


Innate Abilities, Weirdness & Mutations

You are very small and have problems with some larger weapons.
You are too small for most types of armour.
You have supernaturally acute eyesight. (SInv)
You cover ground extremely quickly. (Speed+++)
You are dopey. (Int -2)
Your muscles are strong. (Str +4, Int/Dex -1)
Your movements are slightly less encumbered by armour. (ER -2)


Message History

Aiming: Searing Ray (safe; 1% risk of failure)
Press: ? - help, Shift-Dir - straight line, f - gnoll sergeant
Aim: a gnoll sergeant, wielding a +3 vampiric spear, wearing a +0 ring mail and wearing a +0 kite shield (88% to hit)
The searing ray hits the orc.
The orc is almost dead.
The searing ray hits the orc.
The orc is moderately wounded.
The searing ray hits the gnoll sergeant.
The gnoll sergeant is moderately wounded. (Press . to maintain the ray.)
The orc barely misses you. The orc completely misses you.
The searing ray hits the orc.
You kill the orc!
Sif Muna accepts your kill.
The searing ray hits the gnoll sergeant.
The gnoll sergeant is heavily wounded.
The gnoll completely misses you.
The gnoll sergeant hits you from afar with a +3 vampiric spear.
The gnoll sergeant draws strength from your wounds!
The orc wizard casts a spell at you. The puff of flame hits you.
The searing ray hits the orc!
You kill the orc!
Sif Muna accepts your kill.
The searing ray hits the gnoll sergeant!
The gnoll sergeant is severely wounded.
The searing ray misses the orc.
The orc is no longer blind.
The gnoll is no longer blind.
The gnoll sergeant hits you from afar with a +3 vampiric spear!
* * * LOW HITPOINT WARNING * * *
The gnoll sergeant draws strength from your wounds!
The orc wizard hits you but does no damage.
Okay, then.
As you read the scroll of teleportation, it crumbles to dust.
You feel strangely unstable.
The gnoll is no longer blind.
The gnoll hits you from afar with a +0 spear.
* * * LOW HITPOINT WARNING * * *
The gnoll misses you.
The gnoll sergeant hits you from afar with a +3 vampiric spear!
You die...

. .. ########
# #..
#..go@8#8...
....
#..oggo#.....
....
#...g..©#©.>.©
#.......#.....
#......8#8...8
#.############
#. #


You could see a gnoll sergeant, an orc wizard (blind), 3 gnolls and 2 orcs.

Vanquished Creatures
  An orc knight (Bailey)
  The ghost of boopmooplesden the Chopper, a novice MiBe of Trog (D:5)
  5 yaks
  An acid dragon (D:8)
  7 orc warriors (Bailey)
  3 sky beasts
  2 ice beasts
  3 black bears
  A centaur (D:6)
  A bullfrog (D:8)
  3 kobold brigands (D:7)
  4 scorpions
  3 wights (D:7)
  4 howler monkeys
  5 hounds
  4 jellies
  6 orc priests
  6 iguanas
  3 orc wizards (D:6)
  11 adders
  6 gnolls
  2 worms
  2 dart slugs
  40 orcs
  5 ball pythons
  6 endoplasms
  A giant cockroach (D:4)
  20 goblins
  12 hobgoblins
  3 jackals (D:5)
  6 quokkas
  4 bats
  3 frilled lizards
  17 kobolds
  5 rats
  A spectral orc (D:5)
  2 fulminant prisms
209 creatures vanquished.

Vanquished Creatures (collateral kills)
  An orc (Bailey)
  A goblin (Bailey)
2 creatures vanquished.

Vanquished Creatures (others)
  33 fulminant prisms
33 creatures vanquished.

Grand Total: 244 creatures vanquished

Notes
Turn   | Place    | Note
-------+----------+-------------------------------------------
     0 | D:1      | javelincjr the Spriggan Conjurer began the quest for the
                  | Orb.
     0 | D:1      | Reached XP level 1. HP: 9/9 MP: 5/5
   351 | D:1      | Reached XP level 2. HP: 13/13 MP: 2/6
   576 | D:1      | Learned a level 2 spell: Searing Ray
   633 | D:2      | Reached skill level 3 in Spellcasting
   847 | D:2      | Found a faded altar of an unknown god.
   882 | D:2      | Reached XP level 3. HP: 16/16 MP: 2/8
   984 | D:2      | You fall into a shaft and drop 2 floors!
  1033 | D:4      | Noticed a scorpion
  1068 | D:4      | Noticed a sky beast
  1071 | D:4      | Reached XP level 4. HP: 21/21 MP: 4/10
  1205 | D:4      | Killed a sky beast
  1206 | D:4      | Reached skill level 4 in Spellcasting
  1206 | D:4      | Reached XP level 5. HP: 24/24 MP: 3/12
  1449 | D:5      | Entered Level 5 of the Dungeon
  2512 | D:3      | Found Poeza Ischi's Weapon Shop.
  3004 | D:3      | Identified the +1 leather armour of Erorrud {Rampage}
  3194 | D:4      | Noticed a steam dragon
  3195 | D:4      | Noticed Menkaure
  3197 | D:4      | Noticed a black bear
  3462 | D:4      | Reached XP level 6. HP: 28/28 MP: 3/14
  3760 | D:4      | Reached skill level 5 in Spellcasting
  4019 | D:4      | Reached skill level 6 in Spellcasting
  4256 | D:5      | Reached XP level 7. HP: 32/32 MP: 17/17
  4336 | D:4      | Reached skill level 1 in Short Blades
  4336 | D:4      | Reached skill level 5 in Stealth
  5042 | D:5      | Found a basalt altar of Yredelemnul.
  5065 | D:5      | Found a runed translucent door.
  5147 | D:5      | Noticed boopmooplesden's ghost (novice MiBe)
  5377 | D:5      | Killed boopmooplesden's ghost
  5378 | D:5      | Reached skill level 1 in Fighting
  5378 | D:5      | Reached skill level 7 in Spellcasting
  5378 | D:5      | Reached XP level 8. HP: 17/37 MP: 7/20
  5899 | D:5      | Reached skill level 8 in Spellcasting
  6256 | D:6      | Found a large runed translucent door.
  6256 | D:6      | Found a large runed translucent door.
  6557 | D:6      | Gained mutation: A frigid envelope surrounds you and
                  | freezes all who hurt you. [potion of mutation]
  6557 | D:6      | Gained mutation: You are resistant to electric shocks.
                  | (rElec) [potion of mutation]
  6557 | D:6      | Gained mutation: You are clumsy. (Dex -2) [potion of
                  | mutation]
  6592 | D:7      | Reached skill level 5 in Conjurations
  6695 | D:7      | Found a flagged portal.
  6808 | Bailey   | Entered a bailey
  6829 | Bailey   | Noticed an orc knight
  6965 | Bailey   | Killed an orc knight
  6966 | Bailey   | Reached skill level 1 in Throwing
  6966 | Bailey   | Reached skill level 5 in Dodging
  6966 | Bailey   | Reached skill level 9 in Spellcasting
  7343 | Bailey   | Reached XP level 9. HP: 28/41 MP: 8/23
  7760 | Bailey   | Reached skill level 10 in Spellcasting
  8032 | Bailey   | Noticed an orc warlord
  8071 | Bailey   | Acquired 1146 gold pieces
  8367 | Bailey   | Learned a level 4 spell: Fulminant Prism
  8534 | Bailey   | HP: 2/42 [gnoll/+0 hand axe (4)]
  9260 | D:7      | Found a staircase to the Ecumenical Temple.
  9277 | Temple   | Entered the Ecumenical Temple
  9358 | Temple   | Became a worshipper of Sif Muna the Loreminder
  9401 | Temple   | Lost mutation: You are resistant to electric shocks.
                  | (rElec) [potion of mutation]
  9401 | Temple   | Lost mutation: A frigid envelope surrounds you and freezes
                  | all who hurt you. [potion of mutation]
  9401 | Temple   | Gained mutation: You are dopey. (Int -2) [potion of
                  | mutation]
  9401 | Temple   | Gained mutation: Your magical capacity is low. (-10% MP)
                  | [potion of mutation]
  9401 | Temple   | Gained mutation: Your movements are slightly less
                  | encumbered by armour. (ER -2) [potion of mutation]
  9401 | Temple   | Gained mutation: Your muscles are strong. (Str +4, Int/Dex
                  | -1) [potion of mutation]
  9598 | D:6      | Reached skill level 11 in Spellcasting
 10172 | D:6      | Reached skill level 1 in Ice Magic
 10224 | D:6      | Learned a level 3 spell: Dazzling Flash
 10393 | D:6      | Found a hide-covered altar of Uskayaw.
 10399 | D:6      | Reached skill level 1 in Hexes
 10402 | D:6      | Found a shimmering altar of Xom.
 11120 | D:7      | Reached XP level 10. HP: 26/46 MP: 6/24
 11479 | D:8      | Reached * piety under Sif Muna
 11519 | D:8      | Reached skill level 12 in Spellcasting
 12241 | D:7      | Found a glowing golden altar of the Shining One.
 12702 | D:8      | Reached skill level 1 in Evocations
 12820 | D:8      | Lost mutation: Your magical capacity is low. (-10% MP)
                  | [potion of mutation]
 12820 | D:8      | Lost mutation: You are clumsy. (Dex -2) [potion of
                  | mutation]
 12840 | D:9      | Found a snail-covered altar of Cheibriados.
 12841 | D:9      | Found a staircase to the Lair.
 12843 | D:9      | Noticed Maggie
 12860 | D:9      | Found a transporter.
 12866 | D:9      | Slain by a gnoll sergeant

Illustrated notes

Levels and vault maps discovered:
D:1:      ncdulo_smallfort, layout_loops_ring, chequers_serial_rivers_large_a,
          roderic_filled_cross, dreamdust_mushroom_princess
D:2:      layout_loops_ring, ebering_ecumenical_altar_petrified
D:3:      layout_basic, serial_shops, nicolae_shop_bloodbath_and_beyond
D:4:      kb_forest_paths, layout_basic, lemuel_round_altar, uniq_menkaure
D:5:      layout_basic, yredelemnul_forgotten_temple_becter,
          ebering_ghost_reflecting_pool
D:6:      layout_layer_cave, jmf_multi_god_temple2
D:7:      layout_rooms, mainiacjoe_overflow_six_doors_small,
          minmay_temple_entry_glassed_door, enter_bailey_2,
          kennysheep_generic_room_4
D:8:      layout_loops_ring, old_standard_altar, hellmonk_guarded_unrand_lears
D:9:      hellmonk_ruined_rings, layout_cave_pools,
          mainiacjoe_overflow_tiny_flanked, lair_entry_dummy, orc_0_dummy,
          ebering_ghost_funeral_grove, nicolae_diode_stairs, uniq_maggie,
          uniq_maurice, uniq_harold
Temple:   zaba_magenta_temple

Skill      XL: |  1  2  3  4  5  6  7  8  9 10 |
---------------+-------------------------------+-----
Conjurations   | 3 4 5 6 |  6.1
Spellcasting   | 3 4 6 7 9 11 12 | 12.3
Dodging        | 3 4 5 |  5.3
Stealth        | 4 5 6 |  6.0
Short Blades   | 1 3 4 |  4.0
Fighting       | 1 |  1.9
Throwing       | 1 3 |  3.0
Ice Magic      | 2 |  2.7
Hexes          | 1 2 |  2.1
Evocations     | 1 |  1.7

Action                   |  1- 3 |  4- 6 |  7- 9 | 10-12 || total
-------------------------+-------+-------+-------+-------++-------
Melee: Dagger            |     2 |    32 |    32 |    41 ||   107
       Staff             |     7 |     2 |       |       ||     9
       Mace              |     1 |       |       |       ||     1
       Short sword       |       |       |    17 |       ||    17
       Punch             |       |       |     1 |       ||     1
Throw: Boomerang         |       |     2 |     2 |       ||     4
       Dart              |       |       |    62 |       ||    62
 Cast: Magic Dart        |    24 |    43 |   112 |    27 ||   206
       Searing Ray       |     2 |    22 |    75 |    17 ||   116
       Fulminant Prism   |       |       |    13 |    22 ||    35
       Dazzling Flash    |       |       |     1 |     1 ||     2
  Use: Scroll            |       |     2 |    15 |     2 ||    19
       Potion            |       |       |     6 |     2 ||     8
 Stab: Sleeping          |     3 |     5 |       |       ||     8
Armor: Robe              |       |     4 |     3 |     2 ||     9
Dodge: Dodged            |     7 |    47 |    64 |    48 ||   166
